 Dungeon Crawl Stone Soup version 0.32-a0-39-g5c88369fb2 (webtiles) character file.

Game seed: 6412662327455821574

2261 bestjelly the Cleaver (level 9, -10/65 (70) HPs)
             Began as a Minotaur Berserker on Jan 28, 2024.
             Was an Elder of Trog.
             Mangled by an orc warrior
             ... wielding a +0 halberd
              (24 damage)
             ... in a bailey.
             The game lasted 00:15:09 (6546 turns).

bestjelly the Cleaver (Minotaur Berserker)          Turns: 6546, Time: 00:15:10

HP:   -10/65 (70)   AC: 15    Str: 27    XL:     9   Next: 15%
MP:   8/8           EV:  9    Int:  4    God:    Trog [****..]
Gold: 359           SH:  3    Dex:  9    Spells: 8/8 levels left

rFire   . . .        O - +3 war axe (freeze)
rCold   . . .        f - +0 buckler
rNeg    . . .        K - +4 chain mail of Yfeeh {rElec}
rPois   .            (helmet restricted)
rElec   +            j - +0 cloak
rCorr   .            g - +0 pair of gloves
SInv    .            (no boots)
Will    .....        (no amulet) Stlth
                     (no ring)
HPRegen 0.30/turn    (no ring)
MPRegen 0.11/turn

%: no passive effects
@: on berserk cooldown, slowed, drained, very slow
A: horns 2, retaliatory headbutt
a: Renounce Religion, Berserk, Trog's Hand, Brothers in Arms


You were in a bailey.
You worshipped Trog.
Trog was greatly pleased with you.
You visited 1 branch of the dungeon, and saw 8 of its levels.
You also visited: Bailey.

You collected 381 gold pieces.
You spent 22 gold pieces at shops.

Inventory:

Hand Weapons
 a - a +0 hand axe
 i - a +0 war axe
 J - a +3 quarterstaff of chaos
 O - a +3 war axe of freezing (weapon)
Armour
 b - a +0 animal skin
 d - a +0 scale mail
 f - a +0 buckler (worn)
 g - a +0 pair of gloves (worn)
 j - a +0 cloak (worn)
 E - a +0 plate armour
 K - the +4 chain mail of Yfeeh (worn) {rElec}
   (You found it on level 6 of the Dungeon)

   rElec:     It insulates you from electricity.
Jewellery
 e - a ring of flight
 w - a ring of fire
 L - a ring of positive energy
 M - a +6 ring of intelligence
Wands
 v - a wand of paralysis (7)
Scrolls
 c - a scroll of enchant armour {unknown}
 h - a scroll of brand weapon {unknown}
 k - a scroll of fear {unknown}
 l - 2 scrolls of fog {unknown}
 m - 2 scrolls of revelation
 n - 2 scrolls of immolation
 o - 3 scrolls of noise
 t - 2 scrolls of blinking {unknown}
 y - 2 scrolls of vulnerability
 C - a scroll of teleportation {unknown}
 F - a scroll of butterflies {unknown}
 H - 3 scrolls of poison
 I - a scroll of amnesia {unknown}
Potions
 p - 2 potions of magic {unknown}
 q - a potion of lignification {unknown}
 r - a potion of mutation {unknown}
 s - 4 potions of curing
 u - 2 potions of ambrosia
 x - 2 potions of degeneration {unknown}
 z - a potion of attraction {unknown}
 A - a potion of haste {unknown}
 B - 3 potions of heal wounds
 D - a potion of might {unknown}
 G - a potion of brilliance {unknown}
 N - a potion of invisibility {unknown}


   Skills:
 - Level 3.6 Fighting
 + Level 14.7 Axes
 - Level 2.4 Armour
 - Level 2.1 Dodging


You had 8 spell levels left.
You didn't know any spells.
Your spell library was empty.

Dungeon Overview and Level Annotations

Branches:
Dungeon (8/15)             Temple (0/1) D:6          Bailey (1/1)
   Lair: D:8-11

Altars:

Shops:
D:4 *   D:6 :


Innate Abilities, Weirdness & Mutations

You have a pair of horns on your head.
You reflexively headbutt those who attack you in melee.


Message History

You feel a strong urge to attack something.
The orc warrior shouts!
You hear a shout!
The orc warrior barely misses you.
The orc warrior hits you from afar with a +0 trident.
The orc barely misses you. You furiously retaliate!
You headbutt the orc!!
You kill the orc!
Trog accepts your kill.
An orc comes into view. It is wielding a +0 trident.
There is a large open door, spattered with blood here.
Found 22 gold pieces.
Things that are here:
a +0 spear; a +0 scale mail; an orc corpse You feel your anger nearly subside.
The orc warrior barely misses you. The orc barely misses you. x2
You are no longer berserk.
You are exhausted.
You feel yourself slow down.
You slash the orc! You freeze the orc.
You kill the orc!
Trog accepts your kill.
You slash the orc! You freeze the orc.
You kill the orc!
Trog accepts your kill.
You closely miss the orc warrior. The orc warrior barely misses you.
The orc warrior hits you from afar with a +0 halberd!
The orc warrior hits you with a +0 trident.
The orc warrior hits you but does no damage.
An orc knight comes into view. It is wielding a +0 halberd.
The orc warrior hits you with a +0 halberd.
The orc hits you but does no damage.
The orc warrior hits you with a +0 trident!
The orc warrior hits you but does no damage.
The orc knight roars a battlecry!
The orcs go into a battle-frenzy!
The orc hits you but does no damage.
The orc warrior hits you with a +0 glaive!
* * * LOW HITPOINT WARNING * * *
The orc warrior closely misses you.
The orc warrior hits you with a +0 halberd!!
You die...

#≈≈≈≈≈≈≈#....#≈≈≈≈≈≈.
#≈≈≈≈≈≈≈#....#≈≈≈≈≈≈≈
#♣♣≈≈≈≈≈#....#≈≈≈≈≈≈≈
♣♣♣...#....#...≈≈≈≈
..♣............≈≈
................≈
###....)...####..
#$.####oo####..#
#....)..@o.....#
##...8).o.8...##
#.o########..# #. .#
# #


You could see an orc knight, 3 orc warriors and an orc (strong).

Vanquished Creatures
  Pikel (D:7)
  A sky beast (D:8)
  An ice beast (D:6)
  An orc warrior (D:4)
  2 ogres (D:5)
  3 centaurs
  A phantom (D:7)
  2 lemures (D:7)
  A kobold brigand (D:7)
  A scorpion (D:5)
  3 wights (D:8)
  A howler monkey (D:8)
  A bombardier beetle (D:7)
  2 jellies
  4 hounds
  4 orc priests
  Crazy Yiuf (D:5)
  2 iguanas (D:6)
  Terence (D:3)
  An orc wizard (D:7)
  Natasha (twice) (D:4)
  A hound skeleton (D:3)
  Robin (D:4)
  3 gnolls (D:4)
  3 adders
  2 ufetubi (D:7)
  2 ribbon worms
  4 dart slugs
  20 orcs
  2 ball pythons
  8 bats
  8 endoplasms
  2 giant cockroaches
  14 goblins
  12 hobgoblins
  2 jackals (D:3)
  A quokka (D:4)
  A ball python skeleton (D:3)
  2 frilled lizards (D:1)
  11 kobolds
  4 rats
139 creatures vanquished.

Notes
Turn   | Place    | Note
-------+----------+-------------------------------------------
     0 | D:1      | bestjelly the Minotaur Berserker began the quest for the
                  | Orb.
     0 | D:1      | Reached XP level 1. HP: 19/19 MP: 0/0
    30 | D:1      | Reached skill level 4 in Axes
    95 | D:1      | Found a faded altar of an unknown god.
   102 | D:1      | Reached XP level 2. HP: 21/26 MP: 1/1
   637 | D:2      | Reached skill level 5 in Axes
   641 | D:2      | Reached XP level 3. HP: 30/31 MP: 2/2
  1230 | D:3      | Reached ** piety under Trog
  1350 | D:3      | Reached skill level 6 in Axes
  1350 | D:3      | Reached XP level 4. HP: 36/39 MP: 3/3
  1715 | D:3      | Noticed Terence
  1721 | D:3      | Killed Terence
  1722 | D:3      | Reached XP level 5. HP: 45/45 MP: 4/4
  1740 | D:3      | Reached skill level 7 in Axes
  1860 | D:4      | Found Ohyw's General Store.
  1868 | D:4      | Bought a scroll of identify for 22 gold pieces
  2431 | D:4      | Noticed Natasha
  2436 | D:4      | Killed Natasha
  2464 | D:4      | Reached skill level 8 in Axes
  2472 | D:4      | Noticed Natasha
  2487 | D:4      | Killed Natasha
  2487 | D:4      | Reached *** piety under Trog
  2488 | D:4      | Reached XP level 6. HP: 46/51 MP: 5/5
  2623 | D:4      | Noticed Robin
  2631 | D:4      | Killed Robin
  3175 | D:4      | Noticed an orc warrior
  3185 | D:4      | Killed an orc warrior
  3186 | D:4      | Reached skill level 9 in Axes
  3704 | D:5      | Entered Level 5 of the Dungeon
  3888 | D:5      | Reached XP level 7. HP: 57/57 MP: 6/6
  3991 | D:5      | Reached skill level 10 in Axes
  4286 | D:5      | Identified the +6 hammer of the Bruised Friends {heavy,
                  | rElec rCorr}
  4290 | D:5      | Found a runed translucent door.
  4291 | D:5      | Noticed Crazy Yiuf
  4301 | D:5      | Killed Crazy Yiuf
  4639 | D:6      | Reached skill level 11 in Axes
  4717 | D:6      | Found a staircase to the Ecumenical Temple.
  4728 | D:6      | Identified the +4 chain mail of Yfeeh {rElec}
  4849 | D:6      | Found Moenoapeir's Book Boutique.
  4972 | D:6      | Reached XP level 8. HP: 64/64 MP: 7/7
  5204 | D:6      | Reached skill level 12 in Axes
  5580 | D:7      | Noticed Pikel
  5588 | D:7      | Killed Pikel
  5589 | D:7      | Reached skill level 13 in Axes
  5782 | D:7      | Reached skill level 14 in Axes
  6301 | D:8      | Reached XP level 9. HP: 51/70 MP: 8/8
  6386 | D:8      | Found a flagged portal.
  6390 | D:8      | Reached **** piety under Trog
  6498 | Bailey   | Entered a bailey
  6545 | Bailey   | Noticed an orc knight
  6546 | Bailey   | Mangled by an orc warrior

Illustrated notes

Levels and vault maps discovered:
D:1:      scummos_arrival_forest, layout_rooms, basic_ecumenical_altar
D:2:      layout_loops_ring
D:3:      layout_loops_cross, serial_undead, serial_undead_a, serial_undead_a,
          serial_undead_d, serial_undead_f, uniq_terence
D:4:      layout_gridville, serial_shops, shop, minmay_small_thing,
          uniq_natasha, uniq_robin
D:5:      layout_rooms, uniq_crazy_yiuf_cottage
D:6:      layout_basic, temple_fountains, serial_shops, shop,
          reono_crystal_passage
D:7:      layout_rooms, serial_corexii_hall, corexii_hall_statues_x,
          corexii_hall_statues_x, uniq_pikel
D:8:      layout_loops_ring, lair_entry_dummy, enter_bailey_3,
          nicolae_custom_books, lemuel_flame_loot_1
Bailey:   bailey_polearm_elven_captive_hellmonk, bailey

Skill      XL: |  1  2  3  4  5  6  7  8 |
---------------+-------------------------+-----
Axes           | 4 5 6 8 9 11 14 | 14.7
Fighting       | |  3.6
Armour         | |  2.4
Dodging        | |  2.1

Action                     |  1- 3 |  4- 6 |  7- 9 || total
---------------------------+-------+-------+-------++-------
  Melee: Hand axe          |    68 |   112 |   167 ||   347
         Headbutt          |     7 |    18 |    31 ||    56
         War axe           |       |       |    19 ||    19
 Invoke: Berserk           |       |     2 |     4 ||     6
    Use: Scroll            |       |       |     8 ||     8
 Armour: Scale mail        |    47 |    70 |       ||   117
         Animal skin       |     3 |       |       ||     3
         Plate armour      |       |     4 |    34 ||    38
         Chain mail        |       |       |    86 ||    86
  Dodge: Dodged            |    42 |    50 |    59 ||   151
  Block: Buckler           |     8 |    17 |    16 ||    41

Table legend: (Time is in decaauts)
 A = Elapsed time spent in this place.
 B = Non-inter-level travel time spent in this place.
 C = Inter-level travel time spent in this place.
 D = Time resting spent in this place.
 E = Time spent auto-exploring this place.
 F = Levels seen in this place.
 G = Mean time per level.
                   A        B        C        D        E       F      G
               +--------+--------+--------+--------+--------+-----+--------+
         Total |   6545 |   6256 |    289 |   1585 |   3147 |   9 |  727.2 |
       Dungeon |   6498 |   6209 |    289 |   1585 |   3130 |   8 |  812.2 |
        Bailey |     46 |     46 |      0 |      0 |     17 |   1 |   46.0 |
               +--------+--------+--------+--------+--------+-----+--------+

Top non-repeatable levels by time:
     D:4: 1878 daAuts
     D:7: 946 daAuts
     D:5: 889 daAuts
     D:6: 740 daAuts
     D:3: 664 daAuts
     D:2: 664 daAuts
     D:1: 515 daAuts
     D:8: 200 daAuts
  Bailey: 46 daAuts
